 Dungeon Crawl Stone Soup version 0.29.1-2-gbd0b4ee654 (webtiles) character file.

Game seed: 16510001681873002985

8776581 LustLizard the Acrobat (level 27, 228/228 HPs)
             Began as a Djinni Conjurer on Nov 25, 2022.
             Was the Champion of Ashenzari.
             Escaped with the Orb
             ... and 10 runes on Nov 29, 2022!
             The game lasted 07:49:00 (82960 turns).

LustLizard the Acrobat (Djinni Conjurer)           Turns: 82960, Time: 07:49:00

Health: 228/228    AC: 40    Str:  9      XL:     27
Gold:   6386       EV: 16    Int: 45 (46) God:    Ashenzari [******] SH: 35 Dex: 29

rFire   + + +      SeeInvis +   C - +4 morningstar "Chained Scepticism" {protect, rPois rCorr Dex+3 Stlth+, Cun, Fort} (curse)
rCold   + + .      Faith    .   M - +6 tower shield "Overhang to Understand" {rC+, Fort, Melee} (curse)
rNeg    + + +      Spirit   +   R - +6 plate armour "Restrained Sorrow" {Regen+ Str+4 Int+4, Self, Cun} (curse)
rPois   ∞          Reflect  .   H - +4 helmet "Share My Panentheism" {rN+ Regen+, Self, Melee} (curse)
rElec   +          Harm     .   y - scarf "Doubts of Ashenzari" {rC+ rF+, Self, Evo} (curse)
rCorr   +          Rampage  .   X - +0 pair of gloves of the Cryptic Jealousy {Drain rC+ Dex+2 SInv, Melee, Fort} (curse)
Will    ++...      Clarity  +   (boots unavailable)
Stlth   ++........              u - amulet "Clairvoyant Seer" {Spirit rF+ rN+ Dex+6 SInv, Fort, Self} (curse)
HPRegen 2.08/turn               r - ring of Ashenzari's Burden {AC+4 Int+7, Self, Fort} (curse)
MPRegen 0.00/turn               I - ring "Urgency of Ashenzari" {rElec rN+ rCorr Dex+4 Slay+2, Fort, Evo} (curse)

@: flying, studying Axes
A: sickness immunity, fire resistance 2, cold vulnerability 1, float, innate
caster, HP casting, extra vitality 1, clever 1
0: Orb of Zot
}: 10/15 runes: barnacled, slimy, silver, abyssal, demonic, glowing, magical,
fiery, dark, gossamer
a: Renounce Religion, Shatter the Chains


You escaped.
You worshipped Ashenzari.
Ashenzari was exalted by your worship.
You visited 11 branches of the dungeon, and saw 52 of its levels.
You visited Pandemonium 1 time, and saw 18 of its levels.
You visited the Abyss 2 times.
You also visited: Trove, Sewer, Bailey, Ice Cave and Volcano.

You collected 8791 gold pieces.
You spent 2405 gold pieces at shops.

Inventory:

Hand Weapons
 a - a +9 eudemon blade of holy wrath
 C - the cursed +4 morningstar "Chained Scepticism" (weapon) {protect, rPois rCorr Dex+3 Stlth+, Cun, Fort}
   (You found it on level 1 of the Vaults)

   It grants its wielder temporary protection when it strikes (+7 to AC).
   Dex:       It affects your dexterity (+3).
   rPois:     It protects you from poison.
   rCorr:     It protects you from acid and corrosion.
   Stlth:     It makes you more stealthy.
   It has a curse which improves the following skills: Cunning: Dodging and
   Stealth.
   Fortitude: Armour and Shields.
 W - the +6 sword of Cerebov {flame}
   (You took it off Cerebov in Pandemonium)

   It burns those it strikes, dealing additional fire damage.
   Big, fiery blades are also staple armaments of hydra-hunters.
   It temporarily reduces the fire resistance of those it strikes.
Armour
 y - the cursed scarf "Doubts of Ashenzari" (worn) {rC+ rF+, Self, Evo}
   (You found it on level 5 of the Dungeon)

   It has a curse which improves the following skills: Introspection: Fighting
   and Spellcasting.
   Evocations: Evocations.
 H - the cursed +4 helmet "Share My Panentheism" (worn) {rN+ Regen+, Self, Melee}
   (You found it in a bailey)

   rN:        It protects you from negative energy.
   Regen:     It increases your rate of health regeneration.
   It has a curse which improves the following skills: Introspection: Fighting
   and Spellcasting.
   Melee Combat: Short Blades, Long Blades, Axes, Maces & Flails, Polearms,
   Staves and Unarmed Combat.
 J - the +9 tower shield "Neuqau" {rC- Str+9 Int+6}
   (You took it off a daeva on level 4 of the Abyss)

   Str:       It affects your strength (+9).
   Int:       It affects your intelligence (+6).
   rC:        It makes you vulnerable to cold.
 M - the cursed +6 tower shield "Overhang to Understand" (worn) {rC+, Fort, Melee}
   (You found it in an ice cave)

   It has a curse which improves the following skills: Fortitude: Armour and
   Shields.
   Melee Combat: Short Blades, Long Blades, Axes, Maces & Flails, Polearms,
   Staves and Unarmed Combat.
 R - the cursed +6 plate armour "Restrained Sorrow" (worn) {Regen+ Str+4 Int+4, Self, Cun}
   (You found it on level 4 of the Lair of Beasts)

   Str:       It affects your strength (+4).
   Int:       It affects your intelligence (+4).
   Regen:     It increases your rate of health regeneration.
   It has a curse which improves the following skills: Introspection: Fighting
   and Spellcasting.
   Cunning:   Dodging and Stealth.
 V - the +1 ice dragon scales "Ramah" {rF- rC++ Str+5 Int+5}
   (You bought it in a shop on level 4 of the Vaults)

   Str:       It affects your strength (+5).
   Int:       It affects your intelligence (+5).
   rF:        It makes you vulnerable to fire.
   rC:        It greatly protects you from cold.
 X - the cursed +0 pair of gloves of the Cryptic Jealousy (worn) {Drain rC+ Dex+2 SInv, Melee, Fort}
   (You acquired it on level 1 of the Elven Halls)

   Dex:       It affects your dexterity (+2).
   rC:        It protects you from cold.
   SInv:      It lets you see invisible.
   Drain:     It drains your maximum health when unequipped.
   It has a curse which improves the following skills: Melee Combat: Short
   Blades, Long Blades, Axes, Maces & Flails, Polearms, Staves and Unarmed
   Combat.
   Fortitude: Armour and Shields.
Jewellery
 r - the cursed ring of Ashenzari's Burden (left hand) {AC+4 Int+7, Self, Fort}
   (You found it in an ice cave)

   [ring of protection]

   AC:        It affects your AC (+4).
   Int:       It affects your intelligence (+7).
   It has a curse which improves the following skills: Introspection: Fighting
   and Spellcasting.
   Fortitude: Armour and Shields.
 u - the cursed amulet "Clairvoyant Seer" (around neck) {Spirit rF+ rN+ Dex+6 SInv, Fort, Self}
   (You found it in an ice cave)

   [amulet of guardian spirit]

   It causes incoming damage to be divided between your reserves of health and
   magic.
   Dex:       It affects your dexterity (+6).
   rF:        It protects you from fire.
   rN:        It protects you from negative energy.
   SInv:      It lets you see invisible.
   It has a curse which improves the following skills: Fortitude: Armour and
   Shields.
   Introspection: Fighting and Spellcasting.
 I - the cursed ring "Urgency of Ashenzari" (right hand) {rElec rN+ rCorr Dex+4 Slay+2, Fort, Evo}
   (You found it in Pandemonium)

   [ring of resist corrosion]

   Dex:       It affects your dexterity (+4).
   Slay:      It affects your accuracy & damage with ranged weapons and melee
   (+2).
   rElec:     It insulates you from electricity.
   rN:        It protects you from negative energy.
   rCorr:     It protects you from acid and corrosion.
   It has a curse which improves the following skills: Fortitude: Armour and
   Shields.
   Evocations: Evocations.
 Q - the ring "Puarchel" {*Slow rPois rC+ rCorr Int+2}
   (You found it on level 4 of the Depths)

   [ring of protection from cold]

   Int:       It affects your intelligence (+2).
   rC:        It protects you from cold.
   rPois:     It protects you from poison.
   rCorr:     It protects you from acid and corrosion.
   *Slow:     It may slow you when you take damage.
 Z - the amulet "Tokesheph" {rF+ Regen+}
   (You found it on level 5 of the Vaults)

   [amulet of regeneration]

   rF:        It protects you from fire.
   Regen:     It increases your rate of health regeneration.
Wands
 e - a wand of digging (2)
 l - a wand of flame (115)
 s - a wand of polymorph (10)
 t - a wand of charming (57)
 N - a wand of mindburst (21)
 P - a wand of iceblast (29)
 S - a wand of light (17)
Scrolls
 b - a scroll of acquirement
 c - 12 scrolls of immolation
 f - a scroll of magic mapping
 g - 16 scrolls of teleportation
 h - 4 scrolls of enchant weapon
 j - a scroll of brand weapon
 q - a scroll of summoning
 w - 4 scrolls of blinking
 B - 14 scrolls of butterflies
 D - 3 scrolls of poison
 F - 8 scrolls of fear
 K - 4 scrolls of silence
 L - 2 scrolls of enchant armour
Potions
 d - 5 potions of invisibility
 i - 11 potions of brilliance
 m - 3 potions of berserk rage
 n - 9 potions of cancellation
 o - 2 potions of haste
 p - 10 potions of lignification
 z - 10 potions of curing
 A - a potion of mutation
 E - 11 potions of might
 G - 4 potions of resistance
 O - 6 potions of heal wounds
Miscellaneous
 k - a condenser vane
 v - a piece from Xom's chessboard (15/15)
 x - a lightning rod (4/4)
 T - a phantom mirror
 U - a tin of tremorstones (2/2)
 Y - a box of beasts


   Skills:
 - Level 21.7(27) Fighting
 * Level 20.0(24.7) Long Blades
 - Level 7.5(13.8) Axes
 - Level 9.4(15.2) Maces & Flails
 - Level 20.7(27) Armour
 - Level 23.9(27) Dodging
 + Level 12.7(16.6) Stealth
 - Level 21.9(27) Shields
 - Level 21.3(27) Spellcasting
 - Level 23.5(27) Evocations


You couldn't memorise any spells.
You knew the following spells:

 Your Spells              Type           Power      Damage    Failure   Level
a - Magic Dart            Conj           100%       1d8       0%          1
b - Searing Ray           Conj           100%       2d8       0%          2
c - Dazzling Flash        Conj/Hex       100%       N/A       0%          3
d - Fulminant Prism       Conj/Hex       70%        3d30      0%          4
e - Iskenderun's Mystic   Conj/Tloc      100%       2d19      0%          4
f - Summon Small Mammal   Summ           100%       N/A       0%          1
g - Passwall              Tmut/Erth      100%       N/A       0%          2
h - Inner Flame           Hex/Fire       100%       N/A       0%          3
i - Airstrike             Air            70%        2d(11-27) 0%          4
j - Leda's Liquefaction   Hex/Erth       70%        N/A       0%          4
k - Summon Mana Viper     Hex/Summ       100%       N/A       0%          5
l - Statue Form           Tmut/Erth      94%        N/A       0%          6
m - Conjure Ball Lightni  Conj/Air       70%        3x3d26    0%          6
n - Dragon Form           Tmut           70%        N/A       1%          7
o - Summon Horrible Thin  Summ           70%        N/A       1%          8
p - Discord               Hex            70%        N/A       1%          8
q - Infestation           Necr           70%        N/A       1%          8
r - Death's Door          Necr           70%        N/A       5%          9
Your spell library was empty.

Dungeon Overview and Level Annotations

Branches:
Dungeon (15/15)            Temple (1/1) D:4            Lair (5/5) D:9
 Shoals (4/4) Lair:3       Spider (4/4) Lair:3        Slime (5/5) Lair:5
    Orc (2/2) D:10            Elf (2/3) Orc:2        Vaults (5/5) D:14
  Crypt (0/3) Vaults:2     Depths (4/4) D:15            Zot (5/5) Depths:4
  Sewer (visited)          Bailey (visited)           IceCv (visited)
Volcano (visited)

Altars:
Ashenzari
Cheibriados
Dithmenos
Elyvilon
Fedhas
Gozag
Makhleb
Okawaru
Ru
Trog
Wu Jian
Xom
Yredelemnul
Zin
The Shining One
Jiyva
Lugonu

Shops:
D:1 :   D:3 *   D:5 :   D:14 [   Orc:2 :=*[=   Elf:1 *   Elf:2 (   Vaults:1 :
Vaults:4 [   Depths:3 (

Portals:
Hell: Depths:1 Depths:2 Depths:3 Depths:4
Abyss: Lair:5 Depths:3
Pandemonium: Depths:2
Ziggurat: Depths:1

Annotations:
Zot:4 1 transporter
Zot:5 Mnoleg


Innate Abilities, Weirdness & Mutations

You are immune to sickness and miasma.
You are immune to poison.
Your flesh is very heat resistant. (rF++)
You are vulnerable to cold. (rC-)
You float through the air rather than walking.
You learn spells naturally, not from books.
Your magical power is your life essence.
You have superior vitality. (+4 MHP)
Your mind is acute. (Int +4, Str/Dex -1)


Message History

There is a stone staircase leading up here.
You fly upwards.
There is a stone staircase leading down here.
Done exploring.
Hit: C) +4 morningstar "Chained Scepticism" {protect, rPois rCorr Dex+3 Stlth+, Cun, Fort} (curse)
Press: ? - help, Dir - move target, f - you
Okay, then.
Aiming: Dig
Press: ? - help, Shift-Dir - straight line The rock shatters into small pieces.
Aiming: Airstrike (safe; 0% risk of failure)
Press: ? - help, Q - select action, (/) - cycle Dir - move target There's something in the way.
Okay, then.
Aiming: Dig
Press: ? - help, Shift-Dir - straight line A rock wall.
This square is covered in magical glow.
The rock shatters into small pieces.
There is a stone staircase leading up here.
You fly upwards.
There is a stone staircase leading down here.
There is a stone staircase leading up here.
You fly upwards.
There is a stone staircase leading down here.
There is a stone staircase leading up here.
You fly upwards.
There is a stone staircase leading down here.
There is a stone staircase leading up here.
You fly upwards.
An ice devil comes into view.
There is a stone staircase leading down here.
Blink to where?
Press: ? - help, Dir - move target
As you read the scroll of blinking, it crumbles to dust.
The ice devil moves out of view.
Blink to where?
Press: ? - help, Dir - move target
As you read the scroll of blinking, it crumbles to dust.
You have escaped!

.# #................#
#.### .#
#...[...#.#......#########
.#
#.........................
.#
#.[.........#..###########
.#
#.........................
.#
#...........##.###########
.# #......#....##..### .#
#########♣♣#♣♣♣...# ##
###♣@.♣..♣♣#.##
###♣......♣♣.##
###♣#......♣.## ##
###♣♣......♣.## #.
###♣..♣.♣.§..## #.
♣...⌠.....## #.
♣..♣.♣....## #.
♣.......♣..######.
♣.......♣#...####.


There were no monsters in sight!

Vanquished Creatures
  Cerebov (Pan)
  the Royal Jelly (Slime:5)
  A seraph (Pan)
  2 pandemonium lords (Pan)
  A dread lich (Zot:5)
  3 orbs of fire
  Mara (Depths:1)
  Saint Roka (Vaults:2)
  4 caustic shrikes (Depths:4)
  5 bone dragons
  12 golden dragons
  2 pearl dragons (Pan)
  The ghost of Fetsak the Slayer, an adept MiBe of Trog (Depths:4)
  Arachne (Spider:3)
  A Tzitzimitl (Pan)
  5 electric golems
  A Hell Sentinel (Pan)
  A Brimstone Fiend (Pan)
  The ghost of SpeedRobin the Demolition Dwarf, an adept DDFi of Makhleb (Vaults:1)
  Jorgrun (D:13)
  16 tentacled monstrosities
  2 Ice Fiends (Pan)
  A walking earthen tome (Depths:3)
  5 titans
  11 Orb Guardians (Zot:5)
  7 liches
  23 acid blobs
  9 tentacled starspawn
  7 quicksilver dragons
  5 krakens
  Kirke (D:13)
  21 Executioners (Pan)
  2 sphinxes
  8 death cobs
  Gastronok (Lair:2)
  Agnes (Spider:3)
  11 storm dragons
  11 shadow dragons
  6 draconian monks
  6 tengu reavers
  17 daevas
  Donald (Spider:3)
  4 rockslimes
  4 draconian knights
  3 demonspawn warmongers (Pan)
  Ilsuiw (Shoals:4)
  17 azure jellies
  A deep elf sorcerer (Elf:1)
  4 iron dragons
  Roxanne (D:15)
  9 draconian scorchers
  10 vault wardens
  5 fire giants
  16 cacodemons
  4 frost giants
  32 balrugs
  Aizul (Shoals:1)
  24 angels (Pan)
  8 draconian shifters
  8 emperor scorpions
  2 orc warlords
  2 curse skulls (Pan)
  7 ghost moths
  A juggernaut zombie (Depths:3)
  5 spriggan defenders
  9 ironbound preservers
  38 very ugly things
  A deep elf elementalist (Elf:1)
  4 war gargoyles
  11 draconian stormcallers
  13 demonspawn blood saints (Pan)
  6 demonspawn corrupters (Pan)
  8 quicksilver oozes
  6 draconian annihilators
  16 ophanim (Pan)
  14 reapers
  7 stone giants
  6 ironbound thunderhulks
  2 juggernaut skeletons
  2 caustic shrike skeletons
  A broodmother (Spider:3)
  20 apis (Pan)
  4 vampire knights (Depths:3)
  9 green draconians
  12 black draconians
  Azrael (D:13)
  A demonspawn black sun (Pan)
  4 deep elf annihilators
  12 lorocyprocas
  11 dire elephants
  The ghost of SaifuuSuri the Geomancer, a journeyman DrEE of Sif Muna (Lair:3)
  8 spark wasps
  2 entropy weavers
  16 purple draconians
  8 red draconians
  7 white draconians
  9 yellow draconians
  7 ettins
  Snorg (D:11)
  An eidolon (Abyss:1)
  2 deep elf death magi
  17 fire dragons
  7 merfolk impalers
  12 merfolk javelineers
  7 green deaths (Pan)
  19 blizzard demons
  8 jiangshi
  13 yaktaur captains
  10 great orbs of eyes
  7 rakshasas
  Josephine (Lair:3)
  2 peacekeepers
  A spriggan zombie (Depths:3)
  8 boulder beetles
  An ogre mage (Volcano)
  2 hydras (shapeshifter)
  11 ironbound frosthearts
  6 hell beasts
  29 vault guards
  10 hydras
  An elf skeleton (Pan)
  The ghost of whiskeysaurus the Fighter, a novice MiBe of Trog (D:9)
  3 jorogumos
  3 alligator snapping turtles
  2 spriggan air magi
  3 spriggan skeletons
  8 centaur warriors
  3 radroaches
  13 ice dragons
  A nameless horror (Depths:2)
  A catoblepas (D:13)
  4 deep troll earth magi (Depths:2)
  8 merfolk aquamancers
  6 two-headed ogres
  A death knight (Abyss:4)
  The ghost of safid the Marksminotaur, a novice MiHu of Okawaru (D:9)
  10 merfolk avatars
  4 deep troll shamans
  A hell hog (Abyss:4)
  3 satyrs
  4 spriggan berserkers
  5 holy swine (Pan)
  3 orc high priests
  3 shock serpents (Pan)
  4 tengu warriors
  12 death yaks
  30 dancing weapons
  A vampire mage (Depths:1)
  Urug (Lair:2)
  24 thrashing horrors
  A shock serpent (shapeshifter) (Vaults:5)
  70 sun demons
  A storm dragon zombie (Depths:3)
  2 hell knights
  33 soul eaters (Pan)
  2 titan skeletons
  13 deep elf knights
  Amaemon (Lair:2)
  2 spatial maelstroms (Abyss:4)
  12 wretched stars
  7 pharaoh ants
  7 iron trolls
  19 cherubim (Pan)
  A death drake (Abyss:2)
  16 sixfirhies
  4 skeletal warriors
  A golden dragon zombie (Depths:3)
  3 steelbarb worms
  5 deep elf archers
  2 obsidian statues
  A spark wasp zombie (Depths:3)
  2 storm dragon skeletons (Depths:3)
  17 sea snakes
  9 shadow wraiths
  An anaconda zombie (Abyss:4)
  14 orb spiders
  7 glowing orange brains
  21 ironbound convokers
  10 shadow demons (Pan)
  3 orange crystal statues
  20 deep trolls
  2 flayed ghosts
  A lindwurm (shapeshifter) (Vaults:5)
  A bunyip skeleton (Pan)
  12 lindwurms
  4 phantasmal warriors
  17 wizards
  An anaconda skeleton (Pan)
  21 harpies
  8 orc knights
  4 necromancers
  A golden dragon skeleton (Depths:3)
  9 orc sorcerers
  22 deep elf pyromancers
  17 deep elf zephyrmancers
  A tengu skeleton (Depths:3)
  9 shining eyes
  2 frost giant zombies (Depths:3)
  14 cyclopes
  An iron dragon zombie (Depths:3)
  7 fauns
  3 will-o-the-wisps
  13 wolf spiders
  4 worldbinders (Abyss:4)
  A stone giant zombie (Abyss:2)
  75 ugly things
  2 wolf spiders (shapeshifter)
  16 elephants
  13 merfolk sirens
  19 manticores
  18 moths of wrath
  4 apocalypse crabs
  2 rust devils
  30 smoke demons
  A moth of wrath (shapeshifter) (Depths:4)
  4 water nymphs (Shoals:4)
  21 vault sentinels
  An ice statue (Elf:2)
  3 black mambas
  3 eyes of devastation
  7 cane toads
  A gargoyle (D:14)
  2 torpor snails
  3 centaur skeletons
  22 orange demons
  A cane toad (shapeshifter) (Lair:5)
  The ghost of superradish the Covert, a novice OpBr of Hepliaklqana (D:5)
  3 storm dragon simulacra (IceCv)
  2 hellions (Pan)
  2 kobold demonologists (Elf:1)
  3 freezing wraiths
  An alligator snapping turtle skeleton (Pan)
  28 demonic crawlers
  15 komodo dragons
  8 tormentors
  3 ice devils
  26 yaktaurs
  A yaktaur skeleton (Vaults:1)
  17 hellwings
  10 efreet
  6 unseen horrors
  12 ancient zymes
  5 rime drakes
  3 tengu conjurers
  5 golden dragon simulacra (IceCv)
  2 queen bees
  4 trolls
  2 red devils (Pan)
  9 meliai
  Prince Ribbit (Lair:1)
  36 merfolk
  6 hornets
  17 tarantellas
  8 wind drakes
  31 blink frogs
  3 polar bears
  17 raiju
  A hydra skeleton (Pan)
  Grinder (D:5)
  89 slime creatures
  24 dream sheep
  18 snapping turtles
  5 harpy skeletons (Pan)
  19 jumping spiders
  39 starcursed masses
  2 air elementals
  A jumping spider (shapeshifter) (Lair:5)
  22 culicivoras
  An elf zombie (Vaults:1)
  2 ettin skeletons
  4 flying skulls (Depths:3)
  5 shadows
  8 wraiths
  2 vampires
  42 ynoxinuls
  A yak (shapeshifter) (Lair:5)
  10 fire bats
  16 golden eyes
  71 yaks
  4 spriggans
  10 wyverns
  A human (shapeshifter) (Vaults:5)
  14 water elementals
  Eustachio (D:5)
  A fire elemental (D:13)
  25 chaos spawn
  3 hogs (D:13)
  29 neqoxecs
  13 basilisks
  Grum (D:9)
  Edmund (D:6)
  47 large abominations
  39 redbacks
  A steam dragon (D:7)
  A harpy simulacrum (Abyss:4)
  2 wargs (Orc:2)
  3 acid dragons
  3 spatial vortices (Abyss:4)
  4 hell hounds
  A deep troll skeleton (Pan)
  2 floating eyes
  19 water moccasins
  2 glowing shapeshifter skeletons (Depths:3)
  4 black bears
  A sky beast (Abyss:4)
  2 ice beasts
  8 ice dragon simulacra (IceCv)
  27 orc warriors
  17 wolves
  14 centaurs
  2 boggarts
  12 ogres
  A centaur (shapeshifter) (Abyss:4)
  A phantom (D:5)
  4 bullfrogs
  4 kobold brigands
  A gnoll sergeant (D:11)
  2 earth elementals
  A necrophage (D:5)
  4 scorpions
  A glowing shapeshifter simulacrum (Vaults:1)
  10 wights
  47 killer bees
  3 lindwurm simulacra (IceCv)
  6 electric eels
  3 howler monkeys
  A hound (D:4)
  10 lava snakes
  A quasit (Abyss:1)
  21 orc priests
  4 jellies
  A gnoll bouda (D:9)
  3 iron imps
  2 iguanas
  30 orc wizards
  Natasha (thrice) (D:2)
  A hell rat (Lair:3)
  A lightning spire (Zot:2)
  32 small abominations
  11 adders
  9 gnolls
  9 river rats
  3 shadow imps
  8 white imps
  3 ufetubi
  3 worms
  3 dart slugs
  76 orcs
  4 bats
  5 endoplasms
  4 giant cockroaches
  5 hobgoblins
  27 kobolds
  12 quokkas
  7 ball pythons
  12 frilled lizards
  5 goblins
  25 rats
  2 lurking horrors (Abyss:4)
  10 starspawn tentacles
  12 tentacles
3169 creatures vanquished.

Vanquished Creatures (collateral kills)
  Gloorx Vloq (Pan)
  Lom Lobon (Pan)
  An orb of fire (Zot:2)
  5 dread liches (Zot:5)
  4 ancient liches
  5 Killer Klowns
  2 caustic shrikes (Depths:4)
  2 pandemonium lords (Pan)
  A golden dragon (IceCv)
  2 bone dragons (Abyss:4)
  A Tzitzimitl (Pan)
  3 Brimstone Fiends (Pan)
  A hellephant (Abyss:4)
  An electric golem (Zot:5)
  A lich (Depths:3)
  5 tentacled monstrosities
  Rupert (Lair:3)
  13 Orb Guardians (Zot:5)
  3 tentacled starspawn (Abyss:4)
  5 acid blobs
  An Executioner (Pan)
  A sphinx (Vaults:5)
  A shadow dragon (Vaults:5)
  6 storm dragons
  3 draconian monks
  2 rockslimes (Slime:5)
  3 demonspawn warmongers (Pan)
  2 draconian scorchers
  2 vault wardens (Vaults:5)
  6 daevas (Pan)
  12 cacodemons (Pan)
  3 fire giants
  2 draconian knights
  4 iron dragons
  2 frost giants
  4 draconian shifters
  8 balrugs (Pan)
  6 draconian stormcallers
  8 angels (Pan)
  2 spriggan defenders
  5 demonspawn corrupters (Pan)
  3 ophanim (Pan)
  A stone giant (Vaults:5)
  2 reapers (Pan)
  3 draconian annihilators
  2 ironbound preservers (Vaults:5)
  2 quicksilver oozes
  11 very ugly things
  3 vampire knights
  4 demonspawn blood saints (Pan)
  2 wizards (Abyss:4)
  3 apis (Pan)
  4 green draconians
  7 black draconians
  A starcursed mass (Abyss:4)
  3 demonspawn black suns (Pan)
  10 purple draconians
  6 red draconians
  2 lorocyprocas
  4 white draconians
  9 yellow draconians
  4 grey draconians (Zot:4)
  5 blizzard demons (Pan)
  A green death (Pan)
  A mummy priest (Elf:1)
  A great orb of eyes (Slime:5)
  A fire dragon (Depths:2)
  A jiangshi (Depths:3)
  3 yaktaur captains
  A vault guard (Vaults:5)
  A hell beast (Pan)
  3 ice dragons
  A dancing weapon (Elf:2)
  2 deep troll shamans
  4 deep troll earth magi
  2 spriggan berserkers
  7 thrashing horrors (Abyss:4)
  A holy swine (Pan)
  14 sun demons
  6 soul eaters (Pan)
  3 deep elf knights (Elf:1)
  3 spriggans
  15 sixfirhies
  14 deep trolls
  2 glowing orange brains (Depths:4)
  8 shadow demons
  3 flayed ghosts
  A deep elf zephyrmancer (Elf:1)
  2 phantasmal warriors
  A shining eye (Pan)
  2 deep elf pyromancers
  2 orc knights (Vaults:3)
  6 ugly things
  2 moths of wrath
  A will-o-the-wisp (Abyss:4)
  14 orange demons (Pan)
  A vault sentinel (Vaults:5)
  2 eyes of devastation (Depths:4)
  17 smoke demons
  A hellion (Pan)
  An unseen horror (Depths:3)
  7 yaktaurs
  3 demonic crawlers (Pan)
  6 hellwings
  4 tormentors (Pan)
  A red devil (Pan)
  A freezing wraith (Abyss:4)
  4 ancient zymes (Abyss:4)
  A golden dragon simulacrum (IceCv)
  3 hornets
  2 slime creatures (Slime:5)
  2 blink frogs (Abyss:4)
  A dream sheep (shapeshifter) (Vaults:5)
  9 raiju (Abyss:4)
  6 ynoxinuls
  2 golden eyes (Pan)
  9 large abominations
  4 neqoxecs (Pan)
  3 chaos spawn
  5 small abominations (Abyss:4)
  A human zombie (Depths:3)
  A boggart (Elf:1)
  A lindwurm simulacrum (IceCv)
  A quasit (Abyss:4)
  An orc (Vaults:2)
  4 ball lightnings
  A starspawn tentacle (Abyss:4)
466 creatures vanquished.

Vanquished Creatures (others)
  2 caustic shrikes (Depths:4)
  An Orb Guardian (Zot:5)
  A lich (Vaults:5)
  Asterion (Elf:2)
  A death cob (Zot:2)
  An eldritch tentacle (Pan)
  A shadow dragon (Zot:2)
  An azure jelly (Depths:4)
  A fire giant (Depths:2)
  A draconian knight (Zot:3)
  A ghost moth (Zot:3)
  A vault warden (Vaults:5)
  A draconian stormcaller (Zot:5)
  A demonspawn blood saint (Pan)
  An ironbound preserver (Vaults:5)
  A demonspawn corrupter (Pan)
  2 draconian annihilators
  A very ugly thing (Abyss:4)
  A green draconian (Zot:2)
  3 white draconians
  A demonspawn black sun (Pan)
  A black draconian (Zot:2)
  A purple draconian (Zot:3)
  A red draconian (Zot:1)
  A merfolk impaler (Shoals:4)
  A deep troll shaman (Depths:2)
  A thrashing horror (Abyss:4)
  A spriggan berserker (Depths:3)
  A sun demon (Pan)
  3 deep trolls
  2 sixfirhies (Pan)
  An iron troll (Depths:2)
  A wolf spider (Spider:2)
  6 smoke demons (Pan)
  2 tormentors (Pan)
  A yaktaur (Vaults:5)
  A culicivora (Spider:2)
  A redback (Spider:4)
  3 small abominations (Abyss:4)
  An orc wizard (D:8)
  114 ball lightnings
  A block of ice (Pan)
  4 foxfires
  3 fulminant prisms
  48 fungi
  A lurking horror (Abyss:4)
  138 plants
  22 starspawn tentacles
  34 tentacles
420 creatures vanquished.

Grand Total: 4055 creatures vanquished

Notes
Turn   | Place    | Note
-------+----------+-------------------------------------------
     0 | D:1      | LustLizard the Djinni Conjurer began the quest for the Orb.
     0 | D:1      | LustLizard set off with the following spells memorised:
                  | Magic Dart, Searing Ray, Dazzling Flash, Fulminant Prism,
                  | Iskenderun's Mystic Blast.
     0 | D:1      | Reached XP level 1. HP: 15/15 MP: 0/0
   148 | D:1      | Reached XP level 2. HP: 14/21 MP: 0/0
   276 | D:1      | Found Plog's Book Shoppe.
   824 | D:1      | Reached XP level 3. HP: 23/25 MP: 0/0
   824 | D:1      | Learned a level 1 spell: Summon Small Mammal
  1530 | D:2      | Noticed Natasha
  1876 | D:2      | Identified the +1 cloak "Micw" {Fly}
  1982 | D:2      | Killed Natasha
  1983 | D:2      | Reached XP level 4. HP: 10/31 MP: 0/0
  2175 | D:2      | Noticed Natasha
  2180 | D:2      | Killed Natasha
  2377 | D:2      | Noticed Natasha
  2389 | D:2      | Killed Natasha
  2390 | D:2      | Reached XP level 5. HP: 29/35 MP: 0/0
  2390 | D:2      | Learned a level 2 spell: Passwall
  3105 | D:2      | Found a faded altar of an unknown god.
  3306 | D:3      | Reached XP level 6. HP: 30/40 MP: 0/0
  3970 | D:3      | Reached skill level 5 in Spellcasting
  4237 | D:3      | Found Faurgharr's General Store.
  5048 | D:4      | Found a staircase to the Ecumenical Temple.
  5058 | Temple   | Entered the Ecumenical Temple
  5079 | Temple   | Became a worshipper of Ashenzari the Shackled
  5624 | D:4      | Found an ornate altar of the Wu Jian Council.
  5819 | D:5      | Entered Level 5 of the Dungeon
  5973 | D:5      | Reached XP level 7. HP: 30/45 MP: 0/0
  5973 | D:5      | Learned a level 3 spell: Inner Flame
  6307 | D:5      | Noticed Grinder
  6314 | D:5      | Killed Grinder
  6315 | D:5      | Reached skill level 1 in Armour
  6315 | D:5      | Reached skill level 1 in Evocations
  6315 | D:5      | Reached XP level 8. HP: 43/50 MP: 0/0
  6323 | D:5      | Noticed Eustachio
  6332 | D:5      | Killed Eustachio
  6600 | D:5      | Found a runed translucent door.
  6600 | D:5      | Noticed superradish's ghost (novice OpBr)
  6609 | D:5      | Found a snail-covered altar of Cheibriados.
  6740 | D:5      | Found a sacrificial altar of Ru.
  6748 | D:5      | Reached * piety under Ashenzari
  6802 | D:5      | Found Xoru's Tremendous Tomes.
  7107 | D:6      | Reached skill level 1 in Fighting
  7180 | D:6      | Noticed Edmund
  7272 | D:6      | Reached XP level 9. HP: 42/58 MP: 0/0
  7272 | D:6      | Learned a level 4 spell: Airstrike
  7323 | D:6      | Found a glowing drain.
  7336 | Sewer    | Entered a sewer
  7527 | Sewer    | Reached XP level 10. HP: 79/79 MP: 0/0
  7770 | Sewer    | Reached ** piety under Ashenzari
  8603 | D:6      | Reached skill level 1 in Shields
  8603 | D:6      | Reached skill level 10 in Spellcasting
  8790 | D:6      | Killed Edmund
  9095 | D:7      | Found a flagged portal.
  9145 | Bailey   | Entered a bailey
  9654 | Bailey   | Noticed an orc knight
  9654 | Bailey   | Noticed an orc knight
  9683 | Bailey   | Killed an orc knight
  9949 | Bailey   | Killed an orc knight
 10122 | Bailey   | Identified the +4 helmet "Nousel" {rN+ Regen+}
 10188 | Bailey   | Noticed an orc knight
 10204 | Bailey   | Killed an orc knight
 10205 | Bailey   | Reached XP level 11. HP: 62/87 MP: 0/0
 10205 | Bailey   | Learned a level 4 spell: Leda's Liquefaction
 10901 | D:8      | Reached *** piety under Ashenzari
 11526 | D:9      | Noticed a death yak
 11564 | D:9      | Noticed a death yak
 11570 | D:8      | Killed a death yak
 11694 | D:9      | Found an opulent altar of Gozag.
 11783 | D:9      | Found a runed translucent gate.
 11809 | D:9      | Found a runed translucent gate.
 11809 | D:9      | Found a runed translucent gate.
 11809 | D:9      | Noticed whiskeysaurus's ghost (novice MiBe)
 11810 | D:9      | Noticed safid's ghost (novice MiHu)
 11855 | D:9      | Noticed Grum
 11917 | D:9      | Reached skill level 5 in Evocations
 11925 | D:9      | Killed Grum
 11953 | D:9      | Found a bloodstained altar of Trog.
 11973 | D:9      | Found a staircase to the Lair.
 11977 | D:9      | Noticed a death yak
 11992 | D:9      | Killed a death yak
 12000 | D:9      | Killed a death yak
 12356 | D:5      | Killed superradish's ghost
 12406 | D:6      | Identified Sif Muna's Papyrus of the Salvo (You found it on
                  | level 3 of the Dungeon)
 12526 | D:10     | Entered Level 10 of the Dungeon
 12610 | D:10     | Reached XP level 12. HP: 93/96 MP: 0/0
 12671 | D:10     | Noticed a two-headed ogre
 12679 | D:10     | Killed a two-headed ogre
 12680 | D:10     | Reached skill level 10 in Fighting
 12783 | D:10     | Found a blossoming altar of Fedhas.
 12856 | D:10     | Found a staircase to the Orcish Mines.
 13252 | D:11     | Noticed Snorg
 13264 | D:11     | Killed Snorg
 13596 | D:11     | Noticed a two-headed ogre
 13609 | D:11     | Reached skill level 5 in Shields
 13611 | D:11     | Killed a two-headed ogre
 13628 | D:11     | Reached skill level 5 in Dodging
 14227 | Lair:1   | Entered Level 1 of the Lair of Beasts
 14290 | Lair:1   | Noticed Prince Ribbit
 14297 | Lair:1   | Killed Prince Ribbit
 14306 | Lair:1   | Reached XP level 13. HP: 77/104 MP: 0/0
 14306 | Lair:1   | Learned a level 5 spell: Summon Mana Viper
 14381 | Lair:1   | Identified the +1 mace "Burhaket" {flame, rPois Str+4
                  | Int+4}
 14651 | Lair:1   | Noticed a six-headed hydra
 14661 | Lair:1   | Killed a six-headed hydra
 15116 | Lair:2   | Noticed Urug
 15123 | Lair:2   | Killed Urug
 15208 | Lair:2   | Noticed Amaemon
 15213 | Lair:2   | Killed Amaemon
 15354 | Lair:2   | Noticed a boulder beetle
 15614 | Lair:2   | Noticed Gastronok
 15623 | Lair:2   | Killed Gastronok
 15893 | Lair:3   | Noticed Josephine
 15898 | Lair:3   | Killed Josephine
 15911 | Lair:3   | Found a runed translucent door.
 15916 | Lair:3   | Noticed SaifuuSuri's ghost (journeyman DrEE)
 15954 | Lair:3   | Noticed Rupert
 15961 | Lair:3   | Killed Rupert
 15962 | Lair:3   | Reached XP level 14. HP: 89/112 MP: 0/0
 15983 | Lair:3   | Found a dark tunnel.
 15996 | Volcano  | Entered a volcano
 16247 | Volcano  | Noticed a red draconian
 16260 | Volcano  | Killed a red draconian
 16350 | Volcano  | Found a burning altar of Makhleb.
 16448 | Lair:3   | Found a hole to the Spider Nest.
 16877 | Lair:3   | Found a staircase to the Shoals.
 18260 | Lair:3   | Killed SaifuuSuri's ghost
 18381 | Lair:4   | Reached XP level 15. HP: 108/117 MP: 0/0
 18381 | Lair:4   | Learned a level 6 spell: Statue Form
 18446 | Lair:4   | Identified the cursed +4 ring mail of Ashenzari's Black
                  | Moon {Self, Melee} (You found it on level 4 of the Dungeon)
 18466 | Lair:4   | Identified the +6 plate armour of Satisfaction {Regen+
                  | Str+4 Int+4}
 18728 | Lair:4   | Reached skill level 5 in Armour
 19394 | Lair:5   | Entered Level 5 of the Lair of Beasts
 19605 | Lair:5   | Found a staircase to the Slime Pits.
 20049 | Lair:5   | Reached skill level 10 in Shields
 20233 | Lair:5   | Reached XP level 16. HP: 90/121 MP: 0/0
 20279 | Lair:5   | Found a corrupted altar of Lugonu.
 20279 | Lair:5   | Found a one-way gate to the infinite horrors of the Abyss.
 21957 | Orc:1    | Entered Level 1 of the Orcish Mines
 22336 | Orc:2    | Entered Level 2 of the Orcish Mines
 22342 | Orc:2    | Reached skill level 15 in Spellcasting
 22452 | Orc:2    | Found Zovethed's Jewellery Shop.
 22689 | Orc:2    | Found Jirinoad's Assorted Antiques.
 22689 | Orc:2    | Found Apheifeurch's Armour Shoppe.
 22692 | Orc:2    | Found Oduf's Jewellery Emporium.
 22696 | Orc:2    | Found Daunwe's Book Emporium.
 22837 | Orc:2    | Found a staircase to the Elven Halls.
 23384 | D:9      | Killed safid's ghost
 23392 | D:9      | Killed whiskeysaurus's ghost
 23629 | D:13     | Reached **** piety under Ashenzari
 23820 | D:13     | Noticed Azrael
 23824 | D:13     | Killed Azrael
 23919 | D:13     | Noticed Kirke
 23980 | D:13     | Identified the cursed scarf "Doubts of Ashenzari" {rC+ rF+,
                  | Self, Evo} (You found it on level 5 of the Dungeon)
 23980 | D:13     | Identified the cursed ring "Anxiety of Ashenzari" {Str+6,
                  | Fort, Melee} (You found it on level 5 of the Dungeon)
 24037 | D:13     | Noticed Jorgrun
 24047 | D:13     | Killed Jorgrun
 24294 | D:13     | Killed Kirke
 24627 | Shoals:1 | Entered Level 1 of the Shoals
 24716 | Shoals:1 | Reached XP level 17. HP: 123/130 MP: 0/0
 24716 | Shoals:1 | Learned a level 6 spell: Conjure Ball Lightning
 24831 | Shoals:1 | Noticed a kraken
 24892 | Shoals:1 | Noticed a kraken
 24902 | Shoals:1 | Killed a kraken
 24903 | Shoals:1 | Killed a kraken
 24975 | Shoals:1 | Noticed a kraken
 25012 | Shoals:1 | Noticed Aizul
 25039 | Shoals:1 | Killed Aizul
 25316 | Shoals:1 | Identified the Verses on Spatial Blight
 25379 | Shoals:1 | Found a runed translucent door.
 25585 | Shoals:1 | Noticed a kraken
 25609 | Shoals:1 | Killed a kraken
 25617 | Shoals:1 | Killed a kraken
 26043 | Shoals:2 | Reached skill level 10 in Armour
 26970 | Shoals:3 | Found a runed translucent door.
 27031 | Shoals:3 | Reached XP level 18. HP: 131/139 MP: 0/0
 27538 | Shoals:3 | Noticed a kraken
 27543 | Shoals:3 | Killed a kraken
 27831 | Shoals:4 | Entered Level 4 of the Shoals
 27842 | Shoals:4 | Noticed Ilsuiw
 28070 | Shoals:4 | Killed Ilsuiw
 28227 | Shoals:4 | Identified the Spellbook of Frigid Evil
 28558 | Shoals:4 | Reached skill level 10 in Evocations
 28612 | Shoals:4 | Got a barnacled rune of Zot
 29039 | Shoals:4 | Identified the Almanac of Mutated Apparitions
 29639 | D:14     | Reached XP level 19. HP: 111/148 MP: 0/0
 29639 | D:14     | Learned a level 7 spell: Dragon Form
 29673 | D:14     | Found a gate to the Vaults.
 29949 | D:14     | Found Kulac's Armour Boutique.
 30023 | D:14     | Found a portal to a secret trove of treasure.
 30185 | D:15     | Entered Level 15 of the Dungeon
 30484 | D:15     | Noticed Roxanne
 30493 | D:15     | Killed Roxanne
 30688 | D:15     | Found a staircase to the Depths.
 31237 | Spider:1 | Entered Level 1 of the Spider Nest
 32466 | Spider:2 | Reached ***** piety under Ashenzari
 32471 | Spider:2 | Found the +3 salamander hide armour {Flames rF++ rC--}
 32636 | Spider:3 | Noticed Donald
 32641 | Spider:3 | Killed Donald
 32680 | Spider:3 | Identified the +9 long sword "Midi" {drain, Int+6}
 32684 | Spider:3 | Noticed Arachne
 32699 | Spider:3 | Killed Arachne
 32782 | Spider:3 | Identified the +5 scale mail of the Desolation of Salt
                  | {Slay+3}
 32784 | Spider:3 | Noticed Agnes
 32789 | Spider:3 | Killed Agnes
 32831 | Spider:3 | Reached XP level 20. HP: 150/160 MP: 0/0
 33288 | Spider:4 | Entered Level 4 of the Spider Nest
 33930 | Spider:4 | Got a gossamer rune of Zot
 34415 | Vaults:1 | Entered Level 1 of the Vaults
 34415 | Vaults:1 | Identified the +4 morningstar of the Scorned {protect,
                  | rPois rCorr Dex+3 Stlth+}
 34554 | Vaults:1 | Reached skill level 1 in Maces & Flails
 34602 | Vaults:1 | HP: 2/158 [dire elephant (18)]
 34687 | Vaults:1 | Identified the +9 trident of Sulphur {antimagic, +Blink
                  | Dex+2}
 34871 | Vaults:1 | Found Fof Hup's Book Shoppe.
 35105 | Vaults:1 | Reached XP level 21. HP: 157/164 MP: 0/0
 35105 | Vaults:1 | Learned a level 8 spell: Summon Horrible Things
 35269 | Vaults:1 | Identified a scroll of acquirement
 35282 | Vaults:1 | Acquired a manual of Spellcasting
 35347 | Vaults:1 | Found a large runed translucent door.
 35347 | Vaults:1 | Found a large runed translucent door.
 35348 | Vaults:1 | Noticed SpeedRobin's ghost (adept DDFi)
 35447 | Vaults:1 | Reached skill level 10 in Dodging
 35830 | Vaults:1 | Killed SpeedRobin's ghost
 36386 | Vaults:2 | Noticed Saint Roka
 36546 | Vaults:2 | Killed Saint Roka
 37546 | Vaults:2 | Found a staircase to the Crypt.
 37546 | Vaults:2 | Found a basalt altar of Yredelemnul.
 37756 | Vaults:2 | Gained mutation: You are agile. (Dex +4, Str/Int -1)
                  | [potion of mutation]
 37756 | Vaults:2 | Gained mutation: You are robust. (+10% HP) [potion of
                  | mutation]
 37756 | Vaults:2 | Gained mutation: You are occasionally teleported next to
                  | monsters. [potion of mutation]
 37756 | Vaults:2 | Gained mutation: You passively dampen the noise of your
                  | surroundings. [potion of mutation]
 37757 | Vaults:2 | Lost mutation: You are robust. (+10% HP) [potion of
                  | mutation]
 37757 | Vaults:2 | Lost mutation: You are agile. (Dex +4, Str/Int -1) [potion
                  | of mutation]
 37757 | Vaults:2 | Gained mutation: Your flesh is almost immune to the effects
                  | of heat. (rF+++) [potion of mutation]
 37757 | Vaults:2 | Gained mutation: You are frail. (-10% HP) [potion of
                  | mutation]
 37757 | Vaults:2 | Gained mutation: A frigid envelope surrounds you and
                  | freezes all who hurt you. [potion of mutation]
 37757 | Vaults:2 | Gained mutation: You are partially covered in large bone
                  | plates. (SH +4) [potion of mutation]
 37758 | Vaults:2 | Lost mutation: You are partially covered in large bone
                  | plates. (SH +4) [potion of mutation]
 37758 | Vaults:2 | Lost mutation: You are frail. (-10% HP) [potion of
                  | mutation]
 37758 | Vaults:2 | Gained mutation: Your body sometimes deteriorates upon
                  | taking damage. [potion of mutation]
 37758 | Vaults:2 | Gained mutation: You are partially covered in iridescent
                  | scales. (AC +2) [potion of mutation]
 37759 | Vaults:2 | Lost mutation: Your flesh is almost immune to the effects
                  | of heat. (rF+++) [potion of mutation]
 37759 | Vaults:2 | Lost mutation: Your body sometimes deteriorates upon taking
                  | damage. [potion of mutation]
 37759 | Vaults:2 | Gained mutation: You occasionally lose the ability to drink
                  | potions when taking damage. [potion of mutation]
 37759 | Vaults:2 | Gained mutation: Your muscles are strong. (Str +4, Int/Dex
                  | -1) [potion of mutation]
 37760 | Vaults:2 | Lost mutation: You are partially covered in iridescent
                  | scales. (AC +2) [potion of mutation]
 37760 | Vaults:2 | Lost mutation: You are occasionally teleported next to
                  | monsters. [potion of mutation]
 37760 | Vaults:2 | Gained mutation: You are dopey. (Int -2) [potion of
                  | mutation]
 37761 | Vaults:2 | Lost mutation: You occasionally lose the ability to drink
                  | potions when taking damage. [potion of mutation]
 37761 | Vaults:2 | Lost mutation: Your muscles are strong. (Str +4, Int/Dex
                  | -1) [potion of mutation]
 37761 | Vaults:2 | Lost mutation: You are dopey. (Int -2) [potion of mutation]
 37761 | Vaults:2 | Gained mutation: Your mind is acute. (Int +4, Str/Dex -1)
                  | [potion of mutation]
 37761 | Vaults:2 | Lost mutation: A frigid envelope surrounds you and freezes
                  | all who hurt you. [potion of mutation]
 37761 | Vaults:2 | Gained mutation: You are partially covered in large bone
                  | plates. (SH +4) [potion of mutation]
 38367 | Vaults:3 | Reached XP level 22. HP: 107/175 MP: 0/0
 39174 | Vaults:4 | Reached skill level 15 in Shields
 39261 | Vaults:4 | Found Poakh's Antique Armour Shop.
 39303 | Vaults:4 | Reached skill level 5 in Maces & Flails
 40318 | Elf:1    | Entered Level 1 of the Elven Halls
 40333 | Elf:1    | Paralysed by an air elemental for 1 turns
 40450 | Elf:1    | Acquired the +0 pair of gloves "Goru" {Drain rC+ Dex+2
                  | SInv}
 40552 | Elf:1    | Identified the amulet of Fedhas's Favour {RegenMP rElec
                  | Str-5 Int+7 Slay-4}
 40639 | Elf:1    | Reached skill level 15 in Fighting
 40831 | Elf:1    | Identified the Essays on the Salvo and Calling
 41025 | Elf:1    | Found Tifyczag's Assorted Antiques.
 41387 | Elf:2    | Reached XP level 23. HP: 176/182 MP: 0/0
 41387 | Elf:2    | Learned a level 8 spell: Discord
 41488 | Elf:2    | Found a frozen archway.
 41499 | IceCv    | Entered an ice cave
 41718 | IceCv    | Identified the ring "Xankec" {AC+4 Int+7}
 41721 | IceCv    | Identified the amulet of Thoughtfulness {Spirit rF+ rN+
                  | Dex+6 SInv}
 41734 | IceCv    | Noticed a golden dragon
 41747 | IceCv    | Killed a golden dragon
 41971 | Elf:2    | Found Cyiric's Firing Range.
 42265 | Elf:2    | Found a runed translucent gate.
 42265 | Elf:2    | Found a runed translucent gate.
 42265 | Elf:2    | Found a runed translucent gate.
 42429 | Elf:2    | Noticed Asterion
 42437 | Elf:2    | Killed Asterion
 43087 | Depths:1 | Entered Level 1 of the Depths
 43087 | Depths:1 | Found a one-way gateway to a ziggurat.
 43374 | Depths:1 | Noticed Mara
 43383 | Depths:1 | Killed Mara
 43402 | Depths:1 | Found a white marble altar of Elyvilon.
 43441 | Depths:1 | Found a glowing golden altar of the Shining One.
 43446 | Depths:1 | Found a glowing silver altar of Zin.
 43481 | Depths:1 | Found a glowing golden altar of the Shining One.
 43543 | Depths:1 | Found a gateway to Hell.
 43835 | Depths:1 | Identified the +7 quarterstaff of Overwhelming Force
                  | {speed, +Blink Int+4}
 44197 | Depths:2 | Reached XP level 24. HP: 148/188 MP: 0/0
 44241 | Depths:2 | Noticed a golden dragon
 44260 | Depths:2 | Reached skill level 15 in Evocations
 44263 | Depths:2 | Killed a golden dragon
 44432 | Depths:2 | Identified the amulet "Ethruesk" {RegenMP *Slow rElec MP+9
                  | Str+4} (You took it off a fire giant on level 2 of the
                  | Depths)
 44467 | Depths:2 | Identified the +2 war axe of Anguish {vorpal, Will+}
 45102 | Depths:2 | Found a one-way gate leading to the halls of Pandemonium.
 45592 | Depths:3 | Found Oxkenk's Weapon Shop.
 45746 | Depths:3 | Reached skill level 1 in Axes
 46483 | Depths:3 | Reached XP level 25. HP: 172/193 MP: 0/0
 46483 | Depths:3 | Learned a level 8 spell: Infestation
 46496 | Depths:3 | Identified the +5 dagger of Corruption {vorpal, Will+
                  | Str+3}
 46805 | Depths:4 | Entered Level 4 of the Depths
 47007 | Depths:4 | Found a runed translucent gate.
 47007 | Depths:4 | Found a runed translucent gate.
 47008 | Depths:4 | Found a runed translucent gate.
 47011 | Depths:4 | Found a viscous altar of Jiyva.
 47011 | Depths:4 | Noticed Fetsak's ghost (adept MiBe)
 47011 | Depths:4 | Identified the ring "Puarchel" {*Slow rPois rC+ rCorr
                  | Int+2}
 47033 | Depths:4 | Paralysed by a vampire knight for 5 turns
 47125 | Depths:4 | Noticed a caustic shrike
 47126 | Depths:4 | Noticed a caustic shrike
 47127 | Depths:4 | Noticed a caustic shrike
 47200 | Depths:4 | Noticed a caustic shrike
 47200 | Depths:4 | Noticed a caustic shrike
 47200 | Depths:4 | Noticed a caustic shrike
 47203 | Depths:4 | Noticed a caustic shrike
 47210 | Depths:4 | Killed a caustic shrike
 47210 | Depths:4 | Killed a caustic shrike
 47211 | Depths:4 | Killed a caustic shrike
 47218 | Depths:4 | Killed a caustic shrike
 47449 | Depths:4 | Noticed a caustic shrike
 47455 | Depths:4 | Killed a caustic shrike
 47636 | Depths:4 | Killed a caustic shrike
 47641 | Depths:4 | Killed a caustic shrike
 47644 | Depths:4 | Killed a caustic shrike
 47852 | Depths:4 | Reached skill level 5 in Axes
 48480 | Depths:3 | Voluntarily entered the Abyss.
 48488 | Abyss:1  | Found a candlelit altar of Ignis.
 48718 | Abyss:1  | Found a corrupted altar of Lugonu.
 48874 | Abyss:1  | Found a viscous altar of Jiyva.
 48943 | Abyss:1  | Found a viscous altar of Jiyva.
 49407 | Abyss:2  | Acquired a manual of Fighting
 49840 | Abyss:2  | Reached skill level 15 in Armour
 50103 | Abyss:3  | Found a corrupted altar of Lugonu.
 50299 | Abyss:3  | Reached XP level 26. HP: 193/203 MP: 0/0
 50692 | Depths:3 | Escaped the Abyss
 51053 | Vaults:5 | Entered Level 5 of the Vaults
 51212 | Vaults:5 | Identified the ring "Goqim" {MP+9 Int+6 SInv}
 51236 | Vaults:5 | Reached skill level 15 in Dodging
 51522 | Vaults:5 | Identified the ring of the Sufficient God {rElec rN+ Int+4}
 51674 | Vaults:5 | Identified the ring "Seekotam" {Fly Str+6}
 51680 | Vaults:5 | Identified the +6 battleaxe "Atiusys" {vorpal, Fly rF+}
 51680 | Vaults:5 | Identified the +6 trident "Esewoas" {flame, SInv}
 51694 | Vaults:5 | Got a silver rune of Zot
 52062 | Vaults:5 | Identified the +3 leather armour of the Prince of Darkness
                  | {Fly rElec Int-2 SInv}
 52324 | Vaults:5 | Identified the amulet "Tokesheph" {rF+ Regen+}
 52328 | Vaults:5 | Noticed an ancient lich
 52337 | Vaults:5 | Killed an ancient lich
 52606 | Vaults:5 | Reached XP level 27. HP: 210/216 MP: 0/0
 52606 | Vaults:5 | Learned a level 9 spell: Death's Door
 53288 | Depths:4 | Found a gate to the Realm of Zot.
 53900 | Slime:1  | Entered Level 1 of the Pits of Slime
 55010 | Slime:3  | Found a viscous altar of Jiyva.
 55603 | Slime:5  | Entered Level 5 of the Pits of Slime
 55830 | Slime:5  | Found a viscous altar of Jiyva.
 55857 | Slime:5  | Noticed the Royal Jelly
 55876 | Slime:5  | Killed the Royal Jelly
 55893 | Slime:5  | Gained mutation: You occasionally shout uncontrollably at
                  | your foes. [a shining eye]
 55968 | Slime:5  | Identified Soux's Verses on United Conjury
 55969 | Slime:5  | Identified the +6 shortbow "Newtbane" {speed, rC+ rCorr
                  | Dex-4}
 55969 | Slime:5  | Identified the +5 shortbow "Diure Lesk" {flame, rF- rN+++
                  | rCorr SInv}
 56033 | Slime:5  | Got a slimy rune of Zot
 56371 | Lair:5   | Lost mutation: Your mind is acute. (Int +4, Str/Dex -1)
                  | [potion of mutation]
 56371 | Lair:5   | Lost mutation: You are partially covered in large bone
                  | plates. (SH +4) [potion of mutation]
 56371 | Lair:5   | Lost mutation: You occasionally shout uncontrollably at
                  | your foes. [potion of mutation]
 56371 | Lair:5   | Gained mutation: You are partially covered in iridescent
                  | scales. (AC +2) [potion of mutation]
 56371 | Lair:5   | Gained mutation: You possess an exceptional clarity of
                  | mind. [potion of mutation]
 56374 | Lair:5   | Voluntarily entered the Abyss.
 57358 | Abyss:4  | Found a corrupted altar of Lugonu.
 57390 | Abyss:4  | Got an abyssal rune of Zot
 57674 | Abyss:4  | Identified the +9 tower shield "Neuqau" {rC- Str+9 Int+6}
 57791 | Lair:5   | Escaped the Abyss
 58113 | D:14     | You showed the abyssal rune of Zot to enter a treasure
                  | trove
 58114 | Trove    | Entered a treasure trove
 58519 | Depths:4 | Killed Fetsak's ghost
 58676 | Zot:1    | Entered Level 1 of the Realm of Zot
 59966 | Zot:2    | Noticed an orb of fire
 60012 | Zot:2    | Killed an orb of fire
 61180 | Vaults:4 | Bought distressingly furry ice dragon scales for 2405 gold
                  | pieces
 61180 | Vaults:4 | Identified the +1 ice dragon scales "Ramah" {rF- rC++ Str+5
                  | Int+5} (You bought it in a shop on level 4 of the Vaults)
 61760 | Zot:3    | Reached ****** piety under Ashenzari
 62224 | Zot:3    | Noticed an orb of fire
 62967 | Zot:3    | Gained mutation: You are dopey. (Int -2) [an orb of fire]
 62973 | Zot:3    | Gained mutation: You occasionally shout uncontrollably at
                  | your foes. [an orb of fire]
 62978 | Zot:3    | Gained mutation: You are clumsy. (Dex -2) [an orb of fire]
 62982 | Zot:3    | Killed an orb of fire
 63058 | Zot:3    | Identified the cursed +6 tower shield "Overhang to
                  | Understand" {rC+, Fort, Melee} (You found it in an ice
                  | cave)
 63454 | Zot:4    | Noticed a Killer Klown
 63454 | Zot:4    | Noticed a Killer Klown
 63454 | Zot:4    | Noticed a Killer Klown
 63466 | Zot:4    | Killed a Killer Klown
 63468 | Zot:4    | Killed a Killer Klown
 63472 | Zot:4    | Killed a Killer Klown
 63537 | Zot:4    | Found a transporter.
 64519 | Zot:5    | Entered Level 5 of the Realm of Zot
 64736 | Zot:5    | Identified the +0 ring mail of the Shining Light {Drain
                  | Int+4}
 65262 | Zot:5    | Noticed a dread lich
 65264 | Zot:5    | Noticed a Killer Klown
 65273 | Zot:5    | Noticed a dread lich
 65275 | Zot:5    | Noticed an ancient lich
 65275 | Zot:5    | Killed a dread lich
 65279 | Zot:5    | Killed a Killer Klown
 65284 | Zot:5    | Killed a dread lich
 65293 | Zot:5    | Killed an ancient lich
 65424 | Zot:5    | Reached skill level 1 in Long Blades
 65456 | Zot:5    | Noticed a dread lich
 65487 | Zot:5    | Killed a dread lich
 65607 | Zot:5    | Noticed a dread lich
 65609 | Zot:5    | Noticed an orb of fire
 65692 | Zot:5    | Noticed an orb of fire
 65705 | Zot:5    | Killed an orb of fire
 65739 | Zot:5    | Noticed an ancient lich
 65752 | Zot:5    | Noticed a Killer Klown
 65773 | Zot:5    | Gained mutation: You are very clumsy. (Dex -4) [an orb of
                  | fire]
 65774 | Zot:5    | Killed an orb of fire
 65948 | Zot:5    | Noticed a dread lich
 65956 | Zot:5    | Killed a dread lich
 65987 | Zot:5    | Reached skill level 5 in Long Blades
 66307 | Zot:5    | Noticed a dread lich
 66313 | Zot:5    | Killed a dread lich
 66361 | Zot:5    | Noticed an ancient lich
 66369 | Zot:5    | Killed a dread lich
 66372 | Zot:5    | Killed an ancient lich
 66380 | Zot:5    | Killed a Killer Klown
 66383 | Zot:5    | Killed an ancient lich
 66505 | Zot:5    | Lost mutation: You are partially covered in iridescent
                  | scales. (AC +2) [potion of mutation]
 66505 | Zot:5    | Lost mutation: You possess an exceptional clarity of mind.
                  | [potion of mutation]
 66505 | Zot:5    | Lost mutation: You are dopey. (Int -2) [potion of mutation]
 66506 | Zot:5    | Lost mutation: You are very clumsy. (Dex -4) [potion of
                  | mutation]
 66506 | Zot:5    | Lost mutation: You passively dampen the noise of your
                  | surroundings. [potion of mutation]
 66506 | Zot:5    | Lost mutation: You occasionally shout uncontrollably at
                  | your foes. [potion of mutation]
 66506 | Zot:5    | Gained mutation: You occasionally shout uncontrollably at
                  | your foes. [potion of mutation]
 66507 | Zot:5    | Lost mutation: You are clumsy. (Dex -2) [potion of
                  | mutation]
 66507 | Zot:5    | Lost mutation: You occasionally shout uncontrollably at
                  | your foes. [potion of mutation]
 66507 | Zot:5    | Gained mutation: You are partially covered in iridescent
                  | scales. (AC +2) [potion of mutation]
 66507 | Zot:5    | Gained mutation: You have hidden genetic potential. [potion
                  | of mutation]
 66507 | Zot:5    | Gained mutation: Armour fits poorly on your strangely
                  | shaped body. [potion of mutation]
 66508 | Zot:5    | Lost mutation: You are partially covered in iridescent
                  | scales. (AC +2) [potion of mutation]
 66508 | Zot:5    | Lost mutation: You have hidden genetic potential. [potion
                  | of mutation]
 66508 | Zot:5    | Lost mutation: Armour fits poorly on your strangely shaped
                  | body. [potion of mutation]
 66508 | Zot:5    | Gained mutation: You occasionally lose the ability to drink
                  | potions when taking damage. [potion of mutation]
 66508 | Zot:5    | Gained mutation: You are partially covered in iridescent
                  | scales. (AC +2) [potion of mutation]
 66509 | Zot:5    | Lost mutation: You are partially covered in iridescent
                  | scales. (AC +2) [potion of mutation]
 66509 | Zot:5    | Lost mutation: You occasionally lose the ability to drink
                  | potions when taking damage. [potion of mutation]
 66509 | Zot:5    | Gained mutation: You are somewhat resistant to further
                  | mutation. [potion of mutation]
 66509 | Zot:5    | Gained mutation: Your mind is acute. (Int +4, Str/Dex -1)
                  | [potion of mutation]
 66752 | Pan      | Entered Pandemonium
 66752 | Pan      | Found a transporter.
 67004 | Pan      | Identified the +1 spear "Piereng" {vorpal, rC+ Dex+3}
 67006 | Pan      | Found a transporter.
 67006 | Pan      | Identified the +1 chain mail "Plog" {rElec Stlth+}
 67008 | Pan      | Identified the +0 scale mail of Daisies {rF+ rN+ Str+6}
 67008 | Pan      | Identified the ring of Doubris {rElec rN+ rCorr Dex+4
                  | Slay+2}
 67008 | Pan      | Identified the ring of Mijo Hara {rF- rN+ Str+7}
 68703 | Pan      | Noticed Qode the pandemonium lord
 68976 | Pan      | Reached skill level 10 in Long Blades
 69918 | Pan      | Killed Qode the pandemonium lord
 70252 | Pan      | Got a demonic rune of Zot
 70412 | Pan      | Noticed Jexeis the pandemonium lord
 70450 | Pan      | Killed Jexeis the pandemonium lord
 71810 | Pan      | Reached skill level 5 in Stealth
 71856 | Pan      | Found a white marble altar of Elyvilon.
 72517 | Pan      | Identified the +2 tower shield "Zonogh" {Fly}
 72788 | Pan      | Identified the Parchment of Doomed Firn
 72793 | Pan      | Identified the +1 cloak of the Rose {Dex+3}
 72898 | Pan      | Identified the +2 helmet "Funailem" {rF+ rN+}
 73499 | Pan      | Noticed a seraph
 73522 | Pan      | Killed a seraph
 73759 | Pan      | Found a glowing golden altar of the Shining One.
 74395 | Pan      | Found a glowing silver altar of Zin.
 74927 | Pan      | Identified the +4 mace of Infection {speed, rC++ Str-4}
 75003 | Pan      | Reached skill level 15 in Long Blades
 75235 | Pan      | Noticed Loalocwi the pandemonium lord
 75253 | Pan      | Killed Loalocwi the pandemonium lord
 75332 | Pan      | Entered the realm of Cerebov.
 75384 | Pan      | Identified the +4 hand axe "Izoir" {protect, Int+2}
 75577 | Pan      | Identified the Catalogue of Glamour
 75581 | Pan      | Identified the Book of Discontinuous Filth
 75647 | Pan      | Identified the +1 robe of the Gloaming {Dex+2}
 75879 | Pan      | Identified the +3 ring mail of Inviolability {*Corrode rF-
                  | Str+4 Int+5 SInv}
 75933 | Pan      | Found an exit through the horrors of the Abyss.
 76269 | Pan      | Identified the +4 spear of Vydghikk {antimagic, Int+4}
 76688 | Pan      | Found the +6 sword of Cerebov {flame}
 76688 | Pan      | Noticed Cerebov
 76922 | Pan      | Killed Cerebov
 76984 | Pan      | Got a fiery rune of Zot
 77395 | Pan      | Entered the realm of Mnoleg.
 77395 | Pan      | Found an exit through the horrors of the Abyss.
 77439 | Pan      | Reached skill level 10 in Stealth
 77457 | Pan      | Identified the +1 scale mail of Atad {rC+ rN++ Will+}
 77559 | Pan      | Lost mutation: You are somewhat resistant to further
                  | mutation. [a shining eye]
 77657 | Pan      | Noticed Mnoleg
 78037 | Pan      | Identified the +4 mace "Beastslayer" {holy, rC++ Stlth+}
 78059 | Pan      | Got a glowing rune of Zot
 78112 | Pan      | Entered the realm of Gloorx Vloq.
 78315 | Pan      | Noticed Gloorx Vloq
 78696 | Pan      | Identified the ring "Qeqiorgh" {rC+ rCorr}
 79534 | Pan      | Killed Gloorx Vloq
 79555 | Pan      | Got a dark rune of Zot
 80127 | Pan      | Entered the realm of Lom Lobon.
 80389 | Pan      | Noticed Lom Lobon
 80422 | Pan      | Killed Lom Lobon
 80454 | Pan      | Got a magical rune of Zot
 81023 | Pan      | Found an exit through the horrors of the Abyss.
 81294 | Pan      | Noticed Igheeddu the pandemonium lord
 81317 | Pan      | Killed Igheeddu the pandemonium lord
 81380 | Depths:2 | Escaped Pandemonium
 82309 | Zot:5    | Got the Orb of Zot
 82324 | Zot:5    | Noticed Duklouma the pandemonium lord
 82346 | Zot:5    | Noticed Mnoleg
 82727 | D:13     | Noticed Zagiv the pandemonium lord
 82856 | D:7      | Noticed Gylej the pandemonium lord
 82960 | D:$      | Escaped with the Orb!

Illustrated notes

Levels and vault maps discovered:
D:1:      amcnicky_arrival_underground_garden, layout_basic, serial_glass,
          glass_columns_a, glass_columns_a, serial_shops,
          nicolae_shop_advertising_works [nicolae_subvault_shop_adworks],
          minmay_lizard_king
D:2:      layout_loops_ring, hellmonk_ecumenical_altar_defaced_shrine,
          uniq_natasha
D:3:      layout_basic, led_sif_book, serial_shops, shop
D:4:      layout_rooms, nicolae_wu_jian_immortal_techniques,
          minmay_temple_entry_junction
D:5:      layout_gridville, cheibriados_altar_1, mainiacjoe_overflow_chevrons,
          hellmonk_ghost_happy_afterlife, nicolae_shop_i_like_big_books,
          uniq_eustachio, uniq_grinder
D:6:      layout_basic, cheibrodos_sewer_entry_sluice, lightli_minifort,
          uniq_edmund
D:7:      layout_basic, enter_bailey_2, supply_closet_lemuel,
          kennysheep_cross_bottleneck
D:8:      layout_loops_ring, nzn_life_drinkers
D:9:      layout_rooms, bloody_trog, mainiacjoe_overflow_concentric_impassable,
          dpeg_lair_monsters, gammafunk_ghost_cemetery, uniq_grum
D:10:     layout_roguey, mainiacjoe_overflow_tiny_flanked, orc_0_dummy,
          serial_curves, eino_curves_03, eino_curves_01
D:11:     layout_loops_ring, uniq_snorg
D:12:     layout_stronghold
D:13:     layout_roguey, uniq_azrael, uniq_jorgrun, uniq_kirke
D:14:     layout_gridville, lightli_vaults_fourway_checkpoint,
          nicolae_BIG_FREAKIN_CUBE, nicolae_trove_entry_crystal, serial_shops,
          nicolae_lakefront_shop
D:15:     gammafunk_enter_depths_forms, layout_irregular_city, uniq_roxanne
Temple:   eino_wide_crystal_templ
Lair:1:   layout_misc_corridors, lemuel_fruit_tree, uniq_prince_ribbit2
Lair:2:   layout_misc_corridors, grunt_megastairs_5, uniq_urug, uniq_gastronok,
          uniq_amaemon
Lair:3:   regret_index_tunnel_blossom, layout_regular_city,
          minmay_shoals_entry_beasts, hellmonk_spider_entry_life_and_decay,
          ebering_ghost_inner_flame, nicolae_volcano_entry_vermiform,
          uniq_rupert, uniq_josephine
Lair:4:   layout_small_grid
Lair:5:   hellmonk_lair_end_abyssal_woods, layout_regular_city,
          minmay_slime_entry_pillars, disabler_island
Shoals:1: nicolae_shoals_lighthouse, layout_shoals, uniq_aizul
Shoals:2: layout_shoals, nicolae_shoals_siren_and_animal_friends
Shoals:3: layout_shoals, lightli_airlock
Shoals:4: shoals_end_simple, layout_shoals, shoals_ilsuiw_ice
Spider:1: layout_spider_delve
Spider:2: layout_spider_delve
Spider:3: cheibrodos_forgotten_conduit, nicolae_looking_at_the_future,
          uniq_arachne, uniq_agnes, uniq_donald
Spider:4: grunt_spider_rune_circles
Slime:1:  layout_caves
Slime:2:  layout_caves
Slime:3:  layout_caves, basic_altar, nicolae_slime_barrier
Slime:4:  layout_caves
Slime:5
Orc:1:    layout_diamond_mine
Orc:2:    st_orc_mages, layout_caves, serial_shops, shop
Elf:1:    layout_loops_cross, serial_shops, nicolae_shop_overgrown_old_shop,
          minmay_elf_sorcery, hangedman_summoners_spam
Elf:2:    nicolae_elf_blades_splatter_lattice [nooodl_blade_entry_preview],
          layout_geoelf_diagonals, portal_ice_cave_entry_ice_statue_one,
          nicolae_elf_big_sculpture_2, nicolae_shop_firing_range, uniq_asterion
Vaults:1: ebering_ghost_disaster_area, nicolae_vaults_three_branches,
          nicolae_vaults_windows_and_doors_thing, nicolae_vaults_network_star,
          v_misc_31, v_misc_8, st_diamondy, nicolae_vaults_little_squares_2,
          v_misc_24, nicolae_vaults_alarming, dpeg_vaults_monster_box,
          layout_vaults_omnibox, serial_shops, shop
Vaults:2: nicolae_vaults_know_your_exits, nicolae_vaults_hallways_thing,
          hangedman_vaults_stitches, v_alt_pattern_4, v_misc_27,
          minmay_crypt_entry_necro_gods, nicolae_vaults_asterisk, v_misc_8,
          ontoclasm_vaults_shuriken, v_misc_27, ontoclasm_vaults_gateway,
          ontoclasm_vaults_chip, layout_vaults_chaotic_city, uniq_saint_roka
Vaults:3: nicolae_vaults_asterisk, vaults_room_large_hall, v_misc_9,
          nicolae_vaults_network_s, nicolae_vaults_disjoint_gnomons,
          ontoclasm_vaults_idyll, v_rooms_1, vaults_room_door_ring, v_misc_22,
          layout_vaults_maze_bifur
Vaults:4: v_alt_pattern_1, ontoclasm_vaults_chip, v_misc_11,
          hangedman_vaults_slice, nicolae_vaults_twisting_passages,
          vaults_room_fancy_cross, ontoclasm_vaults_hangar, v_misc_23,
          hangedman_vaults_snaps, nicolae_vaults_rhombus_6,
          ontoclasm_vaults_ring_small, vaults_dpeg_hooks, layout_vaults_ring,
          serial_shops, shop
Vaults:5: serial_shops
Depths:1: layout_long_grid, enter_ziggurat_e, grunt_mini_vestibule,
          good_gods_mini_temple, minmay_misc_feat_pillars,
          kennysheep_decorative_pillar, skrybe_limestone_x,
          chequers_serial_rivers_small_3, nicolae_tso_carved_into_rock,
          uniq_mara
Depths:2: grunt_x_marks_the_spot, layout_gridlike,
          nicolae_kikubaaqudgha_miasma_corner, hell_entry, pan_entry
Depths:3: hangedman_screamer, layout_gridlike, nrook_mini_vaults, hell_entry,
          abyss_entry_small_statue_room, serial_shops, shop, horrible_house_mu
Depths:4: grunt_zot_entry_hairpin, layout_gridlike, hell_entry,
          gammafunk_ghost_ooze, chequers_decorated_corner,
          kennysheep_random_hallway
Zot:1:    layout_onion, drop_trap, skrybe_zot_glass_1, uniq_josephina
Zot:2:    layout_gridlike, st_small_dragon_hoard_3, amethyst_zot_foddershock
Zot:3:    lemuel_draconian_sentries, layout_gridlike
Zot:4:    ebering_greatest_show_in_zot, layout_gridlike, nicolae_diode_basic
Zot:5:    layout_gridlike

Skill      XL: |  1  2  3  4  5  6  7  8  9 10 11 12 13 14 15 16 17 18 19 20 21 22 23 24 25 26 27 |
---------------+----------------------------------------------------------------------------------+-----
Stealth        | 2 3 4 12 | 12.7
Spellcasting   | 4 5 6 7 9 10 11 12 13 14 15 16 17 18 19 20 21 | 21.3
Armour         | 1 3 4 6 8 10 11 12 13 14 15 20 | 20.7
Evocations     | 1 3 4 5 6 8 9 10 11 12 13 14 15 16 23 | 23.5
Fighting       | 1 8 9 10 11 12 13 14 15 16 18 21 | 21.7
Shields        | 2 4 5 7 8 10 11 12 13 14 15 17 18 19 21 | 21.9
Dodging        | 3 5 7 9 11 12 13 14 15 23 | 23.9
Maces & Flails | 2 4 5 7 8 9 |  9.4
Axes           | 3 6 7 |  7.5
Long Blades    | 20 | 20.0

Action                   |  1- 3 |  4- 6 |  7- 9 | 10-12 | 13-15 | 16-18 | 19-21 | 22-24 | 25-27 || total
-------------------------+-------+-------+-------+-------+-------+-------+-------+-------+-------++-------
Melee: Dagger            |       |       |     1 |       |       |       |       |       |       ||     1
       Short sword       |       |       |       |     9 |       |       |       |       |       ||     9
       Mace              |       |       |       |       |    29 |     7 |     3 |       |       ||    39
       Morningstar       |       |       |       |       |       |       |    31 |    13 |   366 ||   410
       Unarmed           |       |       |       |       |       |       |       |       |     4 ||     4
       Tailslap          |       |       |       |       |       |       |       |       |     3 ||     3
       Punch             |       |       |       |       |       |       |       |       |     1 ||     1
       Bite              |       |       |       |       |       |       |       |       |     1 ||     1
 Cast: Magic Dart        |    85 |   118 |    53 |   445 |    53 |       |       |       |       ||   754
       Searing Ray       |     1 |    13 |    12 |     1 |       |       |       |       |       ||    27
       Inner Flame       |       |       |     5 |     8 |       |     4 |     2 |       |     3 ||    22
       Summon Small Mamm |       |       |     1 |     1 |       |     3 |     2 |     4 |     9 ||    20
       Airstrike         |       |       |       |   111 |   540 |   960 |   893 |  1018 |  4972 ||  8494
       Iskenderun's Myst |       |       |       |   104 |   104 |   114 |   252 |   257 |   670 ||  1501
       Leda's Liquefacti |       |       |       |     6 |     6 |     4 |       |       |     1 ||    17
       Summon Mana Viper |       |       |       |       |     3 |     3 |       |       |     9 ||    15
       Fulminant Prism   |       |       |       |       |     2 |     1 |       |       |       ||     3
       Statue Form       |       |       |       |       |     7 |     6 |       |       |       ||    13
       Conjure Ball Ligh |       |       |       |       |       |     5 |     4 |       |    32 ||    41
       Summon Horrible T |       |       |       |       |       |       |     5 |    16 |   141 ||   162
       Discord           |       |       |       |       |       |       |       |     7 |    82 ||    89
       Infestation       |       |       |       |       |       |       |       |       |    17 ||    17
       Dragon Form       |       |       |       |       |       |       |       |       |     2 ||     2
       Death's Door      |       |       |       |       |       |       |       |       |     1 ||     1
Invok: Curse Item        |       |     1 |     1 |     3 |     1 |     3 |     2 |     2 |     5 ||    18
       Shatter the Chain |       |       |       |       |     2 |     1 |     1 |     4 |     1 ||     9
Evoke: Wand              |       |       |       |       |       |       |       |       |    26 ||    26
       Box of beasts     |       |       |       |       |       |       |       |       |     3 ||     3
       Phantom mirror    |       |       |       |       |       |       |       |       |     3 ||     3
  Use: Scroll            |       |     3 |       |       |       |     6 |     5 |     7 |    40 ||    61
       Potion            |       |       |     1 |     1 |       |     8 |    13 |       |    52 ||    75
 Stab: Distracted        |       |       |       |       |       |       |       |     1 |     8 ||     9
Armor: Robe              |     1 |     4 |       |       |       |       |       |       |       ||     5
       Leather armour    |       |     2 |       |       |       |       |       |       |       ||     2
       Ring mail         |       |       |       |    42 |    26 |       |       |       |       ||    68
       Skin              |       |       |       |       |    43 |    36 |       |       |    13 ||    92
       Plate armour      |       |       |       |       |    15 |   128 |   116 |    88 |   430 ||   777
Dodge: Dodged            |     7 |    11 |    11 |    72 |   107 |   115 |    84 |    50 |   296 ||   753
Block: Buckler           |       |     3 |     1 |    30 |    55 |    20 |       |       |       ||   109
       Kite shield       |       |       |       |       |       |   132 |   366 |    98 |       ||   596
       Reflection        |       |       |       |       |       |       |    76 |    25 |       ||   101
       Tower shield      |       |       |       |       |       |       |       |   246 |  1683 ||  1929
